 Dungeon Crawl Stone Soup version 0.32-a0-132-g2d33c3cfaf (webtiles) character file.

Game seed: 6337227557269979597

63 Pandarussel the Poker (level 3, 0/36 HPs)
             Began as a Troll Berserker on Feb 9, 2024.
             Was a Follower of Trog.
             Slain by an orc wizard
             ... wielding a +0 dagger
              (1 damage)
             ... on level 3 of the Dungeon.
             The game lasted 00:05:43 (1840 turns).

Pandarussel the Poker (Troll Berserker)             Turns: 1840, Time: 00:05:44

Health: 0/36       AC:  4    Str: 27    XL:     3   Next: 87%
Magic:  2/2        EV:  7    Int:  3    God:    Trog [*.....]
Gold:   88         SH:  0    Dex:  9    Spells: 2/2 levels left

rFire   . . .        p - +0 long sword
rCold   . . .        j - +0 tower shield
rNeg    . . .        b - +0 animal skin
rPois   .            (helmet currently unavailable)
rElec   .            (cloak currently unavailable)
rCorr   .            (gloves unavailable)
SInv    .            (boots unavailable)
Will    .....        (no amulet)
Stlth   +            (no ring)
HPRegen 1.06/turn    (no ring)
MPRegen 0.08/turn

%: no passive effects
@: confused, beast-form, on berserk cooldown, slowed, very slow
A: beast (slay +0), large, unfitting armour, claws 3, regeneration 1, shaggy fur
1, tough skin 1
a: Begin Untransformation, Renounce Religion, Berserk


You were on level 3 of the Dungeon.
You worshipped Trog.
Trog was aware of your devotion.
You were a hulking beast.
You visited 1 branch of the dungeon, and saw 3 of its levels.

You collected 88 gold pieces.

Inventory:

Hand Weapons
 a - a +0 spear
 n - a +0 hand axe
 p - a +0 long sword (weapon)
Armour
 b - a +0 animal skin (worn)
 g - a scarf of repulsion
 j - a +0 tower shield (worn)
 o - a +0 chain mail
Talismans
 r - a beast talisman (active)
Scrolls
 c - 2 scrolls of vulnerability {unknown}
 f - a scroll of silence {unknown}
 i - a scroll of blinking {unknown}
 k - a scroll of noise {unknown}
 m - a scroll of teleportation {unknown}
 q - a scroll of fear {unknown}
Potions
 d - a potion of lignification {unknown}
 e - 6 potions of curing {unknown}
 h - a potion of magic {unknown}
 l - a potion of resistance {unknown}


   Skills:
 + Level 2.9 Fighting
 + Level 3.1 Polearms
 + Level 2.8 Dodging
 + Level 0.1 Stealth
 + Level 0.4 Shields


You had 2 spell levels left.
You didn't know any spells.
Your spell library contained the following spells:

 Spells                   Type           Power      Damage    Failure   Level
 Cigotuvi's Dreadful Rot  Necr/Alch/Air  0%         N/A       99%         2
 Dispel Undead            Necr           0%         3d6       100%        4
 Martyr's Knell           Necr/Summ      0%         N/A       100%        4
 Death Channel            Necr           0%         N/A       100%        6


Dungeon Overview and Level Annotations

Branches:
Dungeon (3/15)

Altars:
Xom


Innate Abilities, Weirdness & Mutations

You are a hulking beast.
Your limbs bulge with bestial killing power. (Slay +0)
You are too large for most types of armour.
You have claws for hands.
Your natural rate of healing is unusually fast.
You are covered in fur. (AC +1)
You have tough skin. (AC +1)


Message History

Something hits you.
You bump into the rock wall.
The orc hits you but does no damage. Something hits you.
The orc barely misses you.
An orc wizard appears from thin air!
Reactivating autopickup.
The orc wizard attacks as it pursues you!
The orc wizard barely misses you.
The orc wizard gestures at you while chanting.
You resist with significant effort.
You bump into the rock wall.
The orc hits you from afar with a +0 trident.
The orc wizard mumbles some strange words.
The orc wizard flickers and vanishes!
Deactivating autopickup; reactivate with Ctrl-A.
The orc barely misses you.
You miss something. The orc closely misses you. Something hits you.
The orc completely misses you.
A dart slug comes into view.
Something completely misses you.
You bump into the rock wall.
The orc hits you from afar with a +0 trident.
Something hits you but does no damage. The orc barely misses you.
You miss something.
You feel less confused.
You hear some strange, mumbled words.
You are confused.
The orc hits you from afar with a +0 trident!
You hear some strange, mumbled words.
A magic dart appears from out of thin air!
The magic dart hits you!
* * * LOW HITPOINT WARNING * * *
The orc hits you from afar with a +0 trident.
* * * LOW HITPOINT WARNING * * *
You hear some strange, mumbled words.
Something tries to affect you, but you resist.
You bump into the rock wall.
The orc hits you from afar with a +0 trident.
* * * LOW HITPOINT WARNING * * *
Something hits you.
You die...

#.###...# #.......#
#...#.#.#######
#...#.#.......#
#...#.#######.#
#.#.#.#..<# #.#
###...#.#.### #.#
#...###{#.# #.#
#...wo.h#.#####.#
#>.....#######.......#
###.##.# ######### #
..# ####


You could see a dart slug and an orc.

Vanquished Creatures
  Terence (D:2)
  A dart slug (D:2)
  A ribbon worm (D:2)
  An orc (D:3)
  2 ball pythons
  3 endoplasms
  5 giant cockroaches
  5 goblins
  A kobold (D:1)
  A quokka (D:2)
  2 bats (D:1)
  3 frilled lizards
  5 rats
31 creatures vanquished.

Notes
Turn   | Place    | Note
-------+----------+-------------------------------------------
     0 | D:1      | Pandarussel the Troll Berserker began the quest for the
                  | Orb.
     0 | D:1      | Reached XP level 1. HP: 22/22 MP: 0/0
   245 | D:1      | Reached XP level 2. HP: 26/29 MP: 1/1
   918 | D:2      | Found a faded altar of an unknown god.
  1013 | D:2      | Reached XP level 3. HP: 36/36 MP: 2/2
  1135 | D:2      | Found a shimmering altar of Xom.
  1431 | D:2      | Noticed Terence
  1462 | D:2      | Killed Terence
  1463 | D:2      | Reached skill level 3 in Polearms
  1839 | D:3      | HP: 1/36 [orc/+0 trident (2)]
  1840 | D:3      | Slain by an orc wizard

Illustrated notes

Levels and vault maps discovered:
D:1:      saegor_arrival_simple_d, layout_loops_ring
D:2:      layout_basic, shapermc_ecumenical_altar_pompeii, basic_altar,
          uniq_terence
D:3:      layout_basic, lemuel_round_altar, grunt_decor_mini_mirrors,
          corexii_shack

Skill      XL: |  1  2  3 |
---------------+----------+-----
Polearms       | 3 |  3.1
Fighting       | |  2.9
Dodging        | |  2.8
Stealth        | |  0.1
Shields        | |  0.4

Action                     || total
---------------------------++-------
  Melee: Spear             ||   111
         Punch             ||     2
         Long sword        ||    13
 Invoke: Berserk           ||     1
 Armour: Animal skin       ||    82
  Dodge: Dodged            ||    53
  Block: Tower shield      ||    36
   Form: Beast             ||     1

Table legend: (Time is in decaauts)
 A = Elapsed time spent in this place.
 B = Non-inter-level travel time spent in this place.
 C = Inter-level travel time spent in this place.
 D = Time resting spent in this place.
 E = Time spent auto-exploring this place.
 F = Levels seen in this place.
 G = Mean time per level.
                   A        B        C        D        E       F      G
               +--------+--------+--------+--------+--------+-----+--------+
         Total |   1864 |   1623 |    241 |      0 |   1292 |   3 |  621.3 |
       Dungeon |   1864 |   1623 |    241 |      0 |   1292 |   3 |  621.3 |
               +--------+--------+--------+--------+--------+-----+--------+

Top non-repeatable levels by time:
     D:2: 1093 daAuts
     D:1: 694 daAuts
     D:3: 76 daAuts
